 Dungeon Sprint DCSS version 0.17-a0-1262-gd250d98 (webtiles) character file.

7203 Kidiri the Unseen (level 10, 0/54 (56) HPs)
             Began as a Spriggan Assassin on June 6, 2015.
             Was a Priest of Dithmenos.
             Engulfed by a cloud of foul pestilence (7 damage)
             ... in the Dungeon (Sprint II: "The Violet Keep of Menkaure").
             The game lasted 00:14:32 (1470 turns).

Kidiri the Unseen (Spriggan Assassin)               Turns: 1470, Time: 00:14:32

HP:   0/54 (56)     AC:  8    Str: 14    XL:     10   Next: 87%
MP:   14/15         EV: 35    Int: 13    God:    Dithmenos [***...]
Gold: 445           SH:  0    Dex: 21    Spells: 0 memorised, 9 levels left

rFire  + . .     SeeInvis +     a - +2 dagger
rCold  . . .     Clarity  .     i - +2 robe {rF+}
rNeg   + . .     SustAt   .     (shield restricted)
rPois  .         Gourm    .     (helmet restricted)
rElec  .         Spirit   .     d - +0 cloak
rCorr  .         Warding  +     (gloves unavailable)
rMut   .         NoTele   +     (boots unavailable)
MR     +....                    n - amulet of the Fool {Ward +Fly rN+ Str+4 SInv}
Stlth  ++++++++++               p - +3 ring of strength
                                o - +3 ring of protection

@: lethally poisoned (0 -> -84), very slightly contaminated, non-regenerating,
badly diseased, slowed, wreathed by umbra, invisible, quick, somewhat resistant
to hostile enchantments, uncannily stealthy
A: unfitting armour, see invisible, herbivore 3, speed 3, slow metabolism 2
a: Shadow Step, Renounce Religion, Evoke Flight


You were in the Dungeon.
You worshipped Dithmenos.
Dithmenos was most pleased with you.
You were not hungry.

You visited 1 branch You collected 1404 gold pieces.
You spent 959 gold pieces at shops.

Inventory:

Hand weapons
 a - a +2 dagger (weapon)
 b - a +0 blowgun
 q - a +0 arbalest
Missiles
 e - 23 poisoned needles
 f - 7 curare-tipped needles
 x - 3 needles of sleeping (quivered)
 B - 12 bolts of frost
Armour
 c - a +0 robe
 d - a +0 cloak (worn)
 i - a +2 robe of fire resistance (worn)
Jewellery
 n - the amulet of the Fool (around neck) {Ward +Fly rN+ Str+4 SInv}
   (You bought it in a shop in the Dungeon)

   [amulet of warding]

   It may prevent the melee attacks of summoned creatures.
   It affects your strength (+4).
   It protects you from negative energy.
   It lets you see invisible.
   It lets you fly.
 o - a +3 ring of protection (left hand)
 p - a +3 ring of strength (right hand)
Scrolls
 m - a scroll of blinking
 s - a scroll of immolation {unknown}
 t - a scroll of enchant armour {unknown}
 w - a scroll of fear {unknown}
 y - a scroll of magic mapping
 C - a scroll of remove curse {unknown}
 D - a scroll of recharging {unknown}
Potions
 j - a potion of haste
 k - 5 potions of magic
 l - a potion of berserk rage
 v - 3 potions of resistance
 z - 3 potions of flight
 A - a potion of might
Comestibles
 g - 3 bread rations
 r - 2 slices of pizza


   Skills:
 + Level 7.9 Fighting
 * Level 13.9 Short Blades
 + Level 10.2 Throwing
 * Level 17.2 Dodging
 * Level 19.2 Stealth
 + Level 4.1 Invocations
 + Level 5.5 Evocations


You had 9 spell levels left.
You didn't know any spells.

Dungeon Overview and Level Annotations

Branches:
Dungeon (1/1)

Altars:
Cheibriados
Dithmenos
Elyvilon
Fedhas
Gozag
Kikubaaqudgha
Makhleb
Nemelex Xobeh
Okawaru
Qazlal
Ru
Sif Muna
Trog
Vehumet
Xom
Yredelemnul
Zin
The Shining One
Beogh
Jiyva
Lugonu

Shops:
D %:*!!=[?[=(*[}:?

Annotations:
D exclusions: Roxanne, ice statue and oklob plant, Roxanne


Innate Abilities, Weirdness & Mutations

You are tiny and cannot use many weapons and most armour.
You have supernaturally acute eyesight.
You are a herbivore.
You cover ground extremely quickly.
You need consume almost no food.


Message History

The foul vapour misses you.
You catch the helpless death drake completely off-guard!
You perforate the death drake like a sieve!!!
You kill the death drake!
Dithmenos accepts your kill.
Your Invocations skill increases to level 4!
You are engulfed in dark miasma.
You are lethally poisoned!
You feel your flesh rotting away!
You feel ill.
You feel sick.
You are engulfed in dark miasma.
You are more poisoned.
You feel your flesh rotting away!
You feel ill.
You feel as though you will be slow longer.
* * * LOW HITPOINT WARNING * * *
x2 You feel very sick.
You are engulfed in dark miasma.
You are more poisoned.
You feel as though you will be slow longer.
You die...

§§§8§≈§≈≈##++##,,,+§§§▓0..▓,,,,,*
≈§§§≈§§≈##≈...###,#.§.▓▓▓▓▓▓▓▓▓▓*
≈≈§§§≈≈*#)§§....###§§.▓≈≈≈§§§≈≈▓▓
+++#+++#####....#!##)[▓▓▓▓▓▓▓▓▓▓▓
........#..'....#§§#[=▓(......(▓▓
%##'##..#..####.#§§#|\▓.)..).[.▓▓
##...##.####..'^##§#}[▓.[(%)...▓▓
#.##..#....#.[#.§§####▓.).)...)▓▓
##.######..#####@§##.#▓......)(▓▓
###'# #.##..#..'.§#.%#▓.[..(...▓▓
.##.###..#..#..#..#..#▓((.).)..▓▓
#'.<.'.##'..####..##%#▓!..[..([▓▓
.##.###..#....###^..##▓▓▓▓▓▓▓'▓▓▓
###'###.##.§....≈≈≈≈≈≈≈≈≈≈≈≈≈...X
##.#.####≈≈.....≈#'########+###.≈
#..#..#≈≈≈≈§≈≈..≈#....._._#§≈≈##≈
##...##≈≈≈§≈≈≈≈.≈#...._._.#≈§§≈##


There were no monsters in sight!

Vanquished Creatures
  A deep elf master archer (D)
  A crystal guardian (D)
  An ice dragon (D)
  2 death drakes (D)
  A yaktaur (D)
  A blink frog (D)
  3 polar bears (D)
  2 boulder beetles (D)
  3 soldier ants (D)
  2 swamp drakes (D)
  A wasp (D)
  2 crocodiles (D)
  4 necrophages (D)
  4 brain worms (D)
  4 worker ants (D)
  2 spectral adders (D)
34 creatures vanquished.

Vanquished Creatures (others)
  Menkaure (D)
1 creature vanquished.

Grand Total: 35 creatures vanquished

Notes
Turn   | Place    | Note
--------------------------------------------------------------
     0 | D        | Kidiri the Spriggan Assassin began the quest for the Orb.
     0 | D        | Reached XP level 1. HP: 10/10 MP: 2/2
     1 | D        | Noticed a boulder beetle
     1 | D        | Noticed a boulder beetle
     5 | D        | Noticed a brain worm
    13 | D        | Noticed a necrophage
    13 | D        | Noticed a necrophage
    13 | D        | Noticed a necrophage
    13 | D        | Noticed a necrophage
    17 | D        | Noticed a worker ant
    17 | D        | Noticed a worker ant
    24 | D        | Killed a brain worm
    24 | D        | Reached skill level 5 in Dodging
    24 | D        | Reached skill level 8 in Stealth
    24 | D        | Reached XP level 2. HP: 14/16 MP: 3/3
    24 | D        | Reached XP level 3. HP: 16/19 MP: 4/4
    25 | D        | Noticed a brain worm
    26 | D        | Killed a brain worm
    26 | D        | Reached skill level 5 in Short Blades
    26 | D        | Reached skill level 9 in Stealth
    26 | D        | Reached XP level 4. HP: 19/24 MP: 5/5
    27 | D        | Noticed a brain worm
    27 | D        | Noticed a brain worm
    29 | D        | Killed a brain worm
    29 | D        | Reached skill level 10 in Stealth
    29 | D        | Reached XP level 5. HP: 22/28 MP: 6/6
    31 | D        | Killed a brain worm
    31 | D        | Reached skill level 5 in Throwing
    31 | D        | Reached skill level 11 in Stealth
    54 | D        | Killed Menkaure
   113 | D        | Noticed a worker ant
   113 | D        | Noticed a worker ant
   114 | D        | Killed a worker ant
   114 | D        | Reached XP level 6. HP: 33/33 MP: 7/7
   115 | D        | Killed a worker ant
   117 | D        | Killed a worker ant
   123 | D        | Killed a worker ant
   239 | D        | Killed a necrophage
   239 | D        | Reached skill level 10 in Dodging
   239 | D        | Reached skill level 12 in Stealth
   240 | D        | Killed a necrophage
   240 | D        | Reached XP level 7. HP: 36/38 MP: 8/8
   243 | D        | Killed a necrophage
   243 | D        | Reached skill level 13 in Stealth
   244 | D        | Killed a necrophage
   278 | D        | Killed a boulder beetle
   278 | D        | Reached skill level 5 in Fighting
   314 | D        | Killed a boulder beetle
   314 | D        | Reached skill level 10 in Short Blades
   314 | D        | Reached skill level 14 in Stealth
   314 | D        | Reached XP level 8. HP: 27/44 MP: 9/9
   448 | D        | Noticed an ice statue
   450 | D        | Noticed a crocodile
   452 | D        | Killed a crocodile
   475 | D        | Found Qater's Book Shoppe.
   475 | D        | Found Goudy's Magic Scroll Emporium.
   476 | D        | Found Moneatt's Antique Armour Shoppe.
   476 | D        | Found Necig's Assorted Antiques.
   476 | D        | Found Wastol's Gadget Emporium.
   477 | D        | Found Yluov's Jewellery Shoppe.
   477 | D        | Found Beost's Antique Armour Emporium.
   477 | D        | Found Rumesaq's Antique Weapon Emporium.
   477 | D        | Found Moplump's Magic Scroll Shoppe.
   478 | D        | Found Pieciwn's Jewellery Shoppe.
   478 | D        | Found Qithrehiuk's Armour Emporium.
   478 | D        | Found Izoxaiz's Distillery.
   478 | D        | Noticed a spiny frog
   483 | D        | Found Zuujivoa's Distillery.
   483 | D        | Found Ofaimog's Assorted Antiques.
   483 | D        | Noticed a spiny frog
   483 | D        | Noticed an oklob plant
   484 | D        | Found Wafi's Food Shoppe.
   484 | D        | Found Xyjax's Book Shoppe.
   485 | D        | Noticed a polar bear
   486 | D        | Noticed a polar bear
   489 | D        | Noticed a griffon
   489 | D        | Noticed a griffon
   490 | D        | Noticed a griffon
   490 | D        | Noticed a flying skull
   509 | D        | Bought a runed robe for 21 gold pieces
   551 | D        | Bought the amulet of the Fool {Ward +Fly rN+ Str+4 SInv} for 403 gold pieces
   551 | D        | Bought a +3 ring of protection for 231 gold pieces
   551 | D        | Bought a +3 ring of strength for 172 gold pieces
   569 | D        | Bought 2 potions of curing for 72 gold pieces
   569 | D        | Bought a potion of heal wounds for 60 gold pieces
   586 | D        | Noticed a blink frog
   588 | D        | Killed a blink frog
   601 | D        | Noticed a lava snake
   601 | D        | Noticed a lava snake
   603 | D        | Noticed a lava snake
   637 | D        | Found a corrupted altar of Lugonu.
   638 | D        | Found a viscous altar of Jiyva.
   639 | D        | Found a roughly hewn altar of Beogh.
   639 | D        | Found a sparkling altar of Nemelex Xobeh.
   640 | D        | Found a deep blue altar of Sif Muna.
   640 | D        | Found a burning altar of Makhleb.
   640 | D        | Found a blossoming altar of Fedhas.
   641 | D        | Found a bloodstained altar of Trog.
   641 | D        | Found a stormy altar of Qazlal.
   641 | D        | Found a glowing golden altar of the Shining One.
   642 | D        | Found a white marble altar of Elyvilon.
   642 | D        | Found an ancient bone altar of Kikubaaqudgha.
   643 | D        | Noticed a crocodile
   643 | D        | Found a basalt altar of Yredelemnul.
   643 | D        | Found an opulent altar of Gozag.
   643 | D        | Found a sacrificial altar of Ru.
   643 | D        | Found a radiant altar of Vehumet.
   643 | D        | Noticed a polar bear
   644 | D        | Noticed a yaktaur
   644 | D        | Noticed a wasp
   646 | D        | Noticed a crocodile
   661 | D        | Killed a crocodile
   661 | D        | Reached skill level 15 in Stealth
   668 | D        | Noticed a kraken
   866 | D        | Noticed a polar bear
   866 | D        | Noticed a polar bear
   883 | D        | Killed a wasp
   902 | D        | Killed a polar bear
   927 | D        | Killed a polar bear
   934 | D        | Killed a yaktaur
   934 | D        | Reached skill level 16 in Stealth
   934 | D        | Reached XP level 9. HP: 29/48 MP: 10/10
   940 | D        | Killed a polar bear
  1068 | D        | Found a shadowy altar of Dithmenos.
  1068 | D        | Found an iron altar of Okawaru.
  1068 | D        | Found a snail-covered altar of Cheibriados.
  1069 | D        | Found a shimmering altar of Xom.
  1069 | D        | Found a glowing silver altar of Zin.
  1082 | D        | Became a worshipper of Dithmenos the Shadowed
  1083 | D        | Noticed Roxanne
  1095 | D        | Noticed a death drake
  1095 | D        | Noticed a swamp drake
  1098 | D        | Noticed a soldier ant
  1098 | D        | Noticed a soldier ant
  1099 | D        | Noticed a soldier ant
  1100 | D        | Killed a soldier ant
  1102 | D        | Killed a soldier ant
  1103 | D        | Killed a soldier ant
  1118 | D        | Noticed an ice dragon
  1120 | D        | Killed an ice dragon
  1120 | D        | Reached skill level 15 in Dodging
  1120 | D        | Reached skill level 17 in Stealth
  1131 | D        | Noticed a deep elf master archer
  1138 | D        | Acquired Dithmenos's first power
  1251 | D        | Killed a deep elf master archer
  1251 | D        | Reached skill level 18 in Stealth
  1251 | D        | Reached XP level 10. HP: 53/55 MP: 9/13
  1288 | D        | Noticed a death drake
  1288 | D        | Noticed a crystal guardian
  1288 | D        | Noticed a swamp drake
  1289 | D        | Killed a swamp drake
  1291 | D        | Killed a crystal guardian
  1461 | D        | Killed a death drake
  1461 | D        | Acquired Dithmenos's second power
  1461 | D        | Reached skill level 10 in Throwing
  1461 | D        | Reached skill level 5 in Evocations
  1466 | D        | Killed a swamp drake
  1466 | D        | Reached skill level 19 in Stealth
  1468 | D        | Killed a death drake
  1470 | D        | Engulfed by a cloud of foul pestilence

Vault maps used:
D:        the_violet_keep_of_menkaure

Action                   |  1- 3 |  4- 6 |  7- 9 | 10-12 || total
-------------------------+-------+-------+-------+-------++-------
Melee: Dagger            |     2 |     8 |    66 |    10 ||    86
 Fire: Blowgun           |       |       |    38 |       ||    38
 Abil: Evoke Flight      |       |       |     1 |       ||     1
  Use: Potion            |       |       |     3 |     8 ||    11
       Scroll            |       |       |     7 |       ||     7
 Stab: Sleeping          |     2 |     8 |    13 |     2 ||    25
       Invisible         |       |       |       |     4 ||     4
       Distracted        |       |       |       |     1 ||     1
